 Dungeon Crawl Stone Soup version 0.30-a0-913-g9934a0ce24 (webtiles) character file.

Game seed: 11770036774891409530

491 juan097 the Cutter (level 7, -1/35 HPs)
             Began as a Vine Stalker Fighter on Mar 19, 2023.
             Was a Believer of Qazlal.
             Slain by an orc warrior
             ... wielding a +0 halberd
              (12 damage)
             ... on level 4 of the Dungeon.
             The game lasted 00:07:01 (2837 turns).

juan097 the Cutter (Vine Stalker Fighter)           Turns: 2837, Time: 00:07:01

Health: -1/35      AC:  6    Str: 18    XL:     7   Next: 14%
Magic:  0/8        EV:  9    Int:  8    God:    Qazlal [**....]
Gold:   244        SH:  8    Dex: 16    Spells: 6/6 levels left

rFire   . . .      SeeInvis .    a - +1 short sword (venom)
rCold   . . .      Faith    .    c - +0 buckler
rNeg    . . .      Spirit   +    z - +0 scale mail
rPois   .          Reflect  .    (no helmet)
rElec   .          Rampage  .    (no cloak)
rCorr   .                        (no gloves)
Will    .....                    (no boots)
Stlth   +                        (no amulet)
HPRegen 1.05/turn                (no ring)
MPRegen 0.11/turn                (no ring)

@: no status effects
A: fangs 2, regeneration 1, magic shield, antimagic bite, no potion heal 2
a: Renounce Religion, Upheaval


You were on level 4 of the Dungeon.
You worshipped Qazlal.
Qazlal was pleased with you.
You visited 1 branch of the dungeon, and saw 4 of its levels.

You collected 244 gold pieces.

Inventory:

Hand Weapons
 a - a +1 short sword of venom (weapon)
 b - a +0 sling
 l - a +0 rapier
Missiles
 v - 4 boomerangs of dispersal (quivered)
 x - 15 poisoned darts
 B - 2 boomerangs
Armour
 c - a +0 buckler (worn)
 z - a +0 scale mail (worn)
Jewellery
 i - a ring of ice
Wands
 y - a wand of iceblast (9)
Scrolls
 e - a scroll of vulnerability {unknown}
 f - 2 scrolls of teleportation {unknown}
 j - a scroll of magic mapping {unknown}
 m - 2 scrolls of enchant armour {unknown}
 n - 3 scrolls of immolation {unknown}
 o - a scroll of fog {unknown}
 r - 2 scrolls of silence {unknown}
 s - a scroll of brand weapon {unknown}
 t - a scroll of blinking {unknown}
 u - a scroll of poison {unknown}
 w - a scroll of identify {unknown}
Potions
 d - a potion of curing {unknown}
 g - a potion of mutation {unknown}
 h - 2 potions of lignification {unknown}
 k - a potion of invisibility {unknown}
 p - a potion of brilliance {unknown}
 q - a potion of magic {unknown}
 A - 2 potions of heal wounds {unknown}


   Skills:
 - Level 2.6 Fighting
 + Level 5.4 Short Blades
 - Level 2.4 Armour
 - Level 4.0 Stealth
 - Level 4.0 Shields


You had 6 spell levels left.
You didn't know any spells.
Your spell library contained the following spells:

 Spells                   Type           Power      Damage    Failure   Level
 Cigotuvi's Dreadful Rot  Necr/Pois/Air  0%         N/A       95%         2
 Lesser Beckoning         Tloc           0%         N/A       95%         2
 Gell's Gravitas          Tloc           0%         N/A       99%         3
 Hailstorm                Conj/Ice       0%         3d3       99%         3
 Teleport Other           Tloc           0%         N/A       99%         3
 Fireball                 Conj/Fire      0%         3d3       100%        5
 Irradiate                Conj/Tmut      0%         3d11      100%        5


Dungeon Overview and Level Annotations

Branches:
Dungeon (4/15)
 Temple: D:4-7

Altars:
Nemelex Xobeh
Qazlal


Innate Abilities, Weirdness & Mutations

You have extremely sharp teeth.
Your natural rate of healing is unusually fast.
When hurt, damage is shared between your health and your magic reserves.
Your bite disrupts and absorbs the magic of your enemies.
Potions cannot restore your health.


Message History

An orc comes into view. It is wielding a +0 short sword.
You shoot a sling bullet.
The sling bullet hits the orc warrior but does no damage.
A kobold comes into view. It is wielding a +0 dagger.
The orc warrior throws a boomerang.
You block the boomerang.
The orc warrior throws a boomerang.
You block the boomerang.
You shoot a sling bullet.
The sling bullet hits the orc warrior but does no damage.
You shoot a sling bullet.
The sling bullet hits the orc warrior but does no damage.
You shoot a sling bullet.
The sling bullet hits the orc warrior but does no damage.
The orc warrior throws a boomerang.
You block the boomerang.
Your +1 short sword of venom begins to drip with poison!
a - a +1 short sword of venom (weapon)
An orc comes into view. It is wielding a +0 dagger.
The orc warrior throws a boomerang.
The boomerang hits you!
The orc shouts!
The orc warrior hits you with a +0 halberd!
You hit the orc warrior but do no damage.
The orc warrior is poisoned.
You bite the orc warrior, but do no damage.
You barely miss the orc warrior.
You bite the orc warrior, but do no damage.
You block the orc warrior's attack.
You hit the orc warrior but do no damage.
The orc warrior looks as sick as possible!
You bite the orc warrior. You drain its power.
You feel invigorated.
The orc warrior is lightly wounded.
You block the orc warrior's attack.
You closely miss the orc warrior.
You bite the orc warrior, but do no damage.
The orc warrior is lightly wounded.
The orc warrior hits you with a +0 halberd!
* * * LOW HITPOINT WARNING * * *
You hit the orc warrior but do no damage.
You bite the orc warrior. You drain its power.
You feel invigorated.
The orc warrior is moderately wounded.
The orc warrior hits you with a +0 halberd!
You die...

##### ...#
#..# #..# ###
#..# ####.##
#..# ......#
#o.#######.#
####.##
#oK........##
####.#
#o##.........
...#.#
#@##.########
##.#.#
##.##.#
.....#
#...#.#
##.###
###...#.# #.#
#.......####
#.#
#..........#
#.#
#<......##.#
#.#
##....####.#
#.########
#....# #.#


You could see an orc warrior (extremely poisoned), 2 orcs and a kobold.

Vanquished Creatures
  Grinder (D:3)
  A scorpion (D:2)
  An orc priest (D:4)
  2 orc wizards (D:3)
  5 adders
  2 dart slugs
  15 orcs
  9 ball pythons
  7 endoplasms
  13 giant cockroaches
  4 goblins
  4 hobgoblins
  6 kobolds
  A quokka (D:1)
  6 bats
  4 frilled lizards
  2 rats (D:1)
83 creatures vanquished.

Notes
Turn   | Place    | Note
-------+----------+-------------------------------------------
     0 | D:1      | juan097 the Vine Stalker Fighter began the quest for the
                  | Orb.
     0 | D:1      | Reached XP level 1. HP: 11/11 MP: 2/2
    66 | D:1      | Reached skill level 2 in Short Blades
    66 | D:1      | Reached skill level 1 in Stealth
   113 | D:1      | Reached XP level 2. HP: 16/16 MP: 3/3
   132 | D:1      | Got the Parchment of Mighty Intoxication
   380 | D:1      | Reached XP level 3. HP: 19/19 MP: 4/4
   725 | D:1      | Found a faded altar of an unknown god.
   729 | D:1      | Prayed at the altar of an unknown god.
   729 | D:1      | Became a worshipper of Qazlal Stormbringer
   729 | D:1      | Reached * piety under Qazlal
   953 | D:2      | Noticed a scorpion
   971 | D:2      | Killed a scorpion
   972 | D:2      | Gained mutation: Your natural rate of healing is unusually
                  | fast. [Vine Stalker growth]
   972 | D:2      | Reached XP level 4. HP: 3/23 MP: 3/5
  1413 | D:2      | Reached skill level 3 in Short Blades
  1746 | D:3      | Reached XP level 5. HP: 27/27 MP: 6/6
  1773 | D:3      | Noticed a black bear
  2048 | D:3      | Noticed Grinder
  2096 | D:3      | Found a sparkling altar of Nemelex Xobeh.
  2129 | D:3      | Paralysed by Grinder for 5 turns
  2276 | D:3      | Reached ** piety under Qazlal
  2387 | D:3      | Reached XP level 6. HP: 25/32 MP: 7/7
  2506 | D:3      | Paralysed by Grinder for 5 turns
  2526 | D:3      | Killed Grinder
  2527 | D:3      | Reached skill level 5 in Short Blades
  2527 | D:3      | Reached XP level 7. HP: 34/35 MP: 6/8
  2837 | D:4      | Slain by an orc warrior

Illustrated notes

Levels and vault maps discovered:
D:1:      co_arrival_square_in_a_square_in_a_square, layout_basic,
          shapermc_ecumenical_altar_mp_ritualfount, st_stairs_8
D:2:      layout_basic, serial_rivers, chequers_serial_rivers_small_b,
          chequers_serial_rivers_micro_e, chequers_serial_rivers_small_3,
          chequers_serial_rivers_micro_d, chequers_serial_rivers_micro_e,
          chequers_serial_rivers_large_b
D:3:      minmay_roachtagon, layout_basic, nemelex_spade_bored_becter,
          uniq_grinder
D:4:      layout_loops_ring, dilly_guarded_unrand_devastator

Skill      XL: |  1  2  3  4  5  6 |
---------------+-------------------+-----
Short Blades   | 2 3 5 |  5.4
Stealth        | 1 2 3 4 |  4.0
Shields        | 3 4 |  4.0
Fighting       | |  2.6
Armour         | |  2.4

Action                     |  1- 3 |  4- 6 |  7- 9 || total
---------------------------+-------+-------+-------++-------
  Melee: Rapier            |    95 |     9 |       ||   104
         Bite              |    15 |    37 |    14 ||    66
         Short sword       |       |   125 |    28 ||   153
   Fire: Sling             |       |       |    10 ||    10
    Use: Potion            |     1 |       |       ||     1
 Armour: Scale mail        |    32 |    41 |     2 ||    75
  Dodge: Dodged            |    36 |    50 |     3 ||    89
  Block: Buckler           |    24 |    37 |    15 ||    76

Table legend: (Time is in decaauts)
 A = Elapsed time spent in this place.
 B = Non-inter-level travel time spent in this place.
 C = Inter-level travel time spent in this place.
 D = Time resting spent in this place.
 E = Time spent auto-exploring this place.
 F = Levels seen in this place.
 G = Mean time per level.
                   A        B        C        D        E       F      G
               +--------+--------+--------+--------+--------+-----+--------+
         Total |   2868 |   2739 |    129 |      0 |   2022 |   4 |  717.0 |
       Dungeon |   2868 |   2739 |    129 |      0 |   2022 |   4 |  717.0 |
               +--------+--------+--------+--------+--------+-----+--------+

Top non-repeatable levels by time:
     D:2: 985 daAuts
     D:1: 867 daAuts
     D:3: 753 daAuts
     D:4: 262 daAuts
